 Dungeon Crawl Stone Soup version 0.31-a0-1300-gb6740aa4e6 (webtiles) character file.

Game seed: 14467258239554405023

380 timneilson the Ruffian (level 6, -1/41 HPs)
             Began as an Octopode Shapeshifter on Dec 18, 2023.
             Slain by a gnoll
             ... wielding a +0 flail
              (10 damage)
             ... on level 4 of the Dungeon.
             The game lasted 00:04:55 (3009 turns).

timneilson the Ruffian (Octopode Shapeshifter)      Turns: 3009, Time: 00:04:55

Health: -1/41      AC:  1    Str: 15    XL:     6   Next: 75%
Magic:  6/6        EV: 13    Int: 12    God:
Gold:   215        SH:  4    Dex: 12    Spells: 5/5 levels left

rFire   . .          .
                       - Unarmed
rCold   . . .        k - +0 buckler
rNeg    + . .        (helmet currently unavailable)
rPois   .            (no amulet)
rElec   .            i - ring of positive energy
rCorr   .            (no ring)
SInv    .            (no ring)
Will    .....        (no ring)
Stlth   +++          (no ring)
HPRegen 0.26/turn    (no ring)
MPRegen 0.10/turn    (no ring)
                     (no ring)

%: no passive effects
@: beast-form, attractive
A: beast (slay +2), almost no armour, amphibious, 8 rings, camouflage 1,
gelatinous body 1, (nimble swimmer 1), tentacles
a: Begin Untransformation


You were on level 4 of the Dungeon.
You were a hulking beast.
You visited 1 branch of the dungeon, and saw 4 of its levels.

You collected 215 gold pieces.

Inventory:

Armour
 k - a +0 buckler (worn)
Jewellery
 i - a ring of positive energy (left tentacle)
 t - a ring of ice
Talismans
 b - a beast talisman
 c - a flux talisman
Wands
 h - a wand of flame (13)
Scrolls
 n - a scroll of immolation
 p - 4 scrolls of enchant weapon
 r - 2 scrolls of poison
Potions
 a - a potion of lignification
 d - a potion of enlightenment
 e - 2 potions of curing
 f - a potion of attraction
 g - 2 potions of mutation
 j - a potion of brilliance {unknown}
 l - a potion of haste {unknown}
 m - a potion of might {unknown}
 o - 2 potions of invisibility {unknown}
 q - a potion of cancellation {unknown}


   Skills:
 * Level 2.9 Fighting
 * Level 3.4 Dodging
 + Level 2.8 Stealth
 + Level 1.4 Shields
 * Level 4.1 Unarmed Combat
 + Level 1.0 Evocations
 * Level 4.0 Shapeshifting


You had 5 spell levels left.
You didn't know any spells.
Your spell library contained the following spells:

 Spells                   Type           Power      Damage    Failure   Level
 Magic Dart               Conj           0%         1d3       41%         1
 Blink                    Tloc           0%         N/A       54%         2
 Ensorcelled Hibernation  Hex/Ice        0%         N/A       54%         2
 Lesser Beckoning         Tloc           0%         N/A       54%         2
 Momentum Strike          Conj/Tloc      0%         3d8       54%         2
 Passwall                 Tmut/Erth      0%         N/A       54%         2
 Swiftness                Air            0%         N/A       78%         3
 Volatile Blastmotes      Fire/Tloc      0%         2d10      78%         3
 Fulminant Prism          Conj/Hex       0%         3d5       99%         4
 Iskenderun's Mystic Bla  Conj/Tloc      0%         2d3       99%         4


Dungeon Overview and Level Annotations

Branches:
Dungeon (4/15)
 Temple: D:4-7

Altars:

Shops:
D:4 (((


Innate Abilities, Weirdness & Mutations

You are a hulking beast.
Your limbs bulge with bestial killing power. (Slay +2)
You cannot wear most types of armour.
You are amphibious.
You can wear up to eight rings at the same time.
Your skin changes colour to match your surroundings (Stealth+).
Your rubbery body absorbs attacks. (AC +1, EV +1)
((You are camouflaged when in or above water. (Stealth+)))
You have tentacles for arms and can constrict up to eight enemies at once.


Message History

You tentacle-slap the ogre but do no damage.
The ogre is almost dead.
The ogre closely misses you.
A gnoll comes into view. It is wielding a +0 halberd.
You tentacle-slap the ogre.
You kill the ogre!
Your Shapeshifting skill increases to level 4!
You tentacle-slap the gnoll. You grab the gnoll.
The gnoll is moderately wounded.
You constrict the gnoll. The gnoll misses you.
You bludgeon the gnoll!
You kill the gnoll!
The gnoll hits you from afar with a +0 spear!
A hound comes into view.
The gnoll hits you with a +0 spear.
Things that are here:
a +0 flail; a +0 giant club; a gnoll corpse The hound barks!
You tentacle-slap the gnoll but do no damage.
Your grab misses the gnoll. You tentacle-slap the gnoll. You squeeze the gnoll!
The gnoll is almost dead.
You hear a shout!
The gnoll hits you with a +0 spear.
An endoplasm comes into view.
You tentacle-slap the gnoll. You grab the gnoll.
The gnoll is almost dead.
You constrict the gnoll.
You kill the gnoll!
Your Evocations skill increases to level 1!
The gnoll attacks as it pursues you! The gnoll hits you with a +0 flail!
You completely miss the gnoll. You grab the gnoll. You constrict the gnoll.
The gnoll hits you with a +0 flail!
* * * LOW HITPOINT WARNING * * *
You barely miss the gnoll.
The gnoll is moderately wounded.
You constrict the gnoll.
It was a potion of attraction.
You feel attractive to monsters.
You constrict the gnoll. The gnoll hits you with a +0 flail!
You die...

......#######..#
######..)))...##
########..# ##.# #.##
##.# #.## ##.# #######
#h##......#
##g#.......
########g#...O...
######.<...##gh.......
...........###......g.
...........##.........
...........##......gg.
...........#..........
...........#..........


You could see a hound and 3 gnolls.

Vanquished Creatures
  An ogre (D:4)
  A scorpion (D:4)
  An iguana (D:4)
  Ijyb (D:4)
  6 gnolls
  4 adders (D:3)
  A worm (D:2)
  4 dart slugs
  5 orcs (D:3)
  6 ball pythons
  7 bats
  2 endoplasms
  3 giant cockroaches (D:3)
  14 goblins
  7 hobgoblins
  3 jackals (D:2)
  4 kobolds
  4 quokkas
  2 frilled lizards
  7 rats
83 creatures vanquished.

Notes
Turn   | Place    | Note
-------+----------+-------------------------------------------
     0 | D:1      | timneilson the Octopode Shapeshifter began the quest for
                  | the Orb.
     0 | D:1      | Reached XP level 1. HP: 13/13 MP: 1/1
   104 | D:1      | Reached XP level 2. HP: 18/18 MP: 2/2
   378 | D:1      | Found a faded altar of an unknown god.
   389 | D:1      | Got Plato's Book of Conjuring
   405 | D:1      | Reached skill level 1 in Stealth
   405 | D:1      | Reached XP level 3. HP: 5/23 MP: 3/3
  1590 | D:3      | Identified the +7 chain mail "Sywih" {Regen+ rCorr Str+6
                  | Slay-2}
  1691 | D:3      | Reached XP level 4. HP: 23/29 MP: 4/4
  2330 | D:3      | Reached XP level 5. HP: 34/34 MP: 5/5
  2585 | D:4      | Found Kyetz's Antique Weapon Shop.
  2595 | D:4      | Noticed an ogre
  2623 | D:4      | Reached skill level 1 in Shields
  2709 | D:4      | Noticed Ijyb
  2723 | D:4      | Killed Ijyb
  2724 | D:4      | Reached XP level 6. HP: 37/41 MP: 6/6
  2762 | D:4      | Found Meymirph's Antique Weapon Shoppe.
  2877 | D:4      | Found Niluqa's Weapon Shoppe.
  3006 | D:4      | Reached skill level 1 in Evocations
  3009 | D:4      | Slain by a gnoll

Illustrated notes

Levels and vault maps discovered:
D:1:      dpeg_arrival_subterranean_lakeside_camping, layout_basic,
          shapermc_ecumenical_altar_rom_forum, hex_intersection
D:2:      layout_basic
D:3:      layout_loops_corners, st_stairs_6, skrybe_limestone_x,
          minmay_joined_circles
D:4:      layout_cave_pods, serial_shops, nicolae_shop_tiny_statue_garden,
          nicolae_shop_pleasant_corner_grove, shop, shop,
          nicolae_shop_advertising_works [nicolae_subvault_shop_adworks],
          uniq_ijyb

Skill      XL: |  1  2  3  4  5  6 |
---------------+-------------------+-----
Stealth        | 1 2 |  2.8
Fighting       | 2 |  2.9
Dodging        | 3 |  3.4
Shields        | 1 |  1.4
Unarmed Combat | 4 |  4.1
Shapeshifting  | 4 |  4.0
Evocations     | 1 |  1.0

Action                     |  1- 3 |  4- 6 || total
---------------------------+-------+-------++-------
  Melee: Unarmed           |    75 |    89 ||   164
         Constrict         |    19 |    26 ||    45
         Punch             |     2 |     4 ||     6
         Tentacles         |     4 |    17 ||    21
    Use: Scroll            |     4 |     8 ||    12
         Potion            |       |     1 ||     1
   Stab: Sleeping          |     6 |     7 ||    13
 Armour: Skin              |    37 |    27 ||    64
  Dodge: Dodged            |    37 |    36 ||    73
  Block: Buckler           |     4 |    14 ||    18

Table legend: (Time is in decaauts)
 A = Elapsed time spent in this place.
 B = Non-inter-level travel time spent in this place.
 C = Inter-level travel time spent in this place.
 D = Time resting spent in this place.
 E = Time spent auto-exploring this place.
 F = Levels seen in this place.
 G = Mean time per level.
                   A        B        C        D        E       F      G
               +--------+--------+--------+--------+--------+-----+--------+
         Total |   3002 |   2906 |     96 |    103 |   2176 |   4 |  750.5 |
       Dungeon |   3002 |   2906 |     96 |    103 |   2176 |   4 |  750.5 |
               +--------+--------+--------+--------+--------+-----+--------+

Top non-repeatable levels by time:
     D:3: 1095 daAuts
     D:1: 841 daAuts
     D:2: 632 daAuts
     D:4: 433 daAuts
